 Dungeon Crawl Stone Soup version 0.27.1 (webtiles) character file.

Game seed: 17487217689065751508

855 ZARRMARR the Skirmisher (level 7, -17/59 HPs)
             Began as a Palentonga Fighter on Aug 23, 2021.
             Demolished by a boulder beetle (24 damage)
             ... on level 6 of the Dungeon.
             The game lasted 00:15:54 (4829 turns).

ZARRMARR the Skirmisher (Palentonga Fighter)        Turns: 4829, Time: 00:15:55

Health: -17/59     AC: 16    Str: 21    XL:     7   Next: 70%
Magic:  7/7        EV:  6    Int:  8    God:
Gold:   209        SH: 10    Dex: 14    Spells: 6/6 levels left

rFire    . . .     SeeInvis +   r - +10 hand axe of the Lesser Evil {holy, Dex+4}
rCold    . . .     Faith    .   c - +0 kite shield
rNeg     . . .     Spirit   .   b - +0 scale mail
rPois    .         Reflect  .   (no helmet)
rElec    .         Harm     .   (no cloak)
rCorr    .         Rampage  .   w - +2 pair of gloves
Will     .....                  (no barding)
Stlth    ..........             (no amulet)
HPRegen  0.19/turn              (no ring)
MPRegen  0.10/turn              (no ring)

@: mighty, curled up
A: large, rugged brown scales 3, see invisible, deformed body, roll 1, armoured
tail, reflexive curl
a: Rolling Charge


You were on level 6 of the Dungeon.
You visited 1 branch of the dungeon, and saw 6 of its levels.

You collected 209 gold pieces.

Inventory:

Hand Weapons
 r - the +10 hand axe of the Lesser Evil (weapon) {holy, Dex+4}
   (You found it on level 4 of the Dungeon)

   It has been blessed by the Shining One to cause great damage to the undead
   and demons.
   Dex:       It affects your dexterity (+4).
Missiles
 f - 6 silver boomerangs
 q - a boomerang (quivered)
Armour
 b - a +0 scale mail (worn)
 c - a +0 kite shield (worn)
 w - a +2 pair of gloves (worn)
Wands
 x - a wand of flame (18)
Scrolls
 i - 3 scrolls of identify {unknown}
 j - a scroll of summoning {unknown}
 k - 2 scrolls of magic mapping {unknown}
 n - 3 scrolls of fear {unknown}
 o - 3 scrolls of teleportation
 p - a scroll of immolation {unknown}
 s - 2 scrolls of enchant armour {unknown}
 t - 2 scrolls of amnesia {unknown}
 v - a scroll of blinking {unknown}
Potions
 a - a potion of mutation {unknown}
 d - a potion of might
 e - a potion of flight {unknown}
 g - a potion of degeneration {unknown}
 h - a potion of ambrosia {unknown}
 l - a potion of attraction {unknown}
 m - a potion of magic {unknown}
 u - a potion of curing {unknown}


   Skills:
 + Level 5.6 Fighting
 + Level 3.3(4.3) Axes
 - Level 4.2(4.8) Maces & Flails
 - Level 2.4 Armour
 + Level 4.9 Shields


You had 6 spell levels left.
You didn't know any spells.
Your spell library contained the following spells:

 Spells                   Type           Power      Damage    Failure   Level
 Inner Flame              Hex/Fire       0%         N/A       100%        3
 Cause Fear               Hex            0%         N/A       100%        4
 Discord                  Hex            0%         N/A       100%        8


Dungeon Overview and Level Annotations

Branches:
Dungeon (6/15)
 Temple: D:4-7

Altars:
Ashenzari


Innate Abilities, Weirdness & Mutations

You are completely covered in rugged brown scales. (AC +3, +7% HP)
You have supernaturally acute eyesight. (SInv)
Armour fits poorly on your strangely shaped body.
You can roll at nearby foes to attack.
You have a long armoured tail.
You curl defensively after being hit.


Message History

You tail-slap the howler monkey zombie, but do no damage.
The howler monkey zombie is severely damaged.
The howler monkey zombie hits you.
You slash the howler monkey zombie!
You destroy the howler monkey zombie!
HP restored.
Found a shiny ivory wand.
x - a wand of flame (18)
Found 8 gold pieces.
You now have 209 gold pieces (gained 8).
Found a scroll of teleportation.
o - 3 scrolls of teleportation (gained 1)
A boulder beetle comes into view.
Roll where?
Press: ? - help, Dir - move target, f - boulder beetle
Aim: a boulder beetle You roll forward with a clatter of scales!
You hit the boulder beetle but do no damage.
You tail-slap the boulder beetle, but do no damage.
You block the boulder beetle's attack.
You hit the boulder beetle but do no damage.
The boulder beetle leaps!
Roll where?
Press: ? - help, Dir - move target, f/p - boulder beetle
Aim: a boulder beetle You roll forward with a clatter of scales!
You slash the boulder beetle! You tail-slap the boulder beetle.
The boulder beetle is moderately wounded.
The boulder beetle bites you!!
You hit the boulder beetle but do no damage.
Your tail-slap misses the boulder beetle.
The boulder beetle is lightly wounded.
The boulder beetle bites you. The boulder beetle bites you!
You feel very mighty all of a sudden. The boulder beetle bites you!!
* * * LOW HITPOINT WARNING * * *
You slash the boulder beetle!
The boulder beetle is moderately wounded.
The boulder beetle bites you!!
You die...

#.#.#.#
#.#.#.#
#.#.#.#
#.#.#.#
#.#.#.#
#.#.#.# #
#.#...#
#.#######.#
#.B@.°....#
###########


You could see a boulder beetle.

Vanquished Creatures
  Edmund (D:4)
  An ogre (D:5)
  A phantom (D:4)
  A water moccasin skeleton (D:4)
  3 howler monkeys
  3 hounds (D:5)
  A gnoll shaman (D:4)
  An orc priest (D:3)
  2 iguanas (D:4)
  Terence (D:3)
  A howler monkey zombie (D:6)
  4 gnolls (D:4)
  8 adders
  2 worms (D:2)
  A dart slug (D:2)
  4 orcs
  3 ball pythons
  8 endoplasms
  2 giant cockroaches
  4 goblins
  3 hobgoblins
  4 jackals (D:2)
  4 kobolds
  5 quokkas
  6 bats
  3 frilled lizards
  A rat (D:1)
78 creatures vanquished.

Notes
Turn   | Place    | Note
-------+----------+-------------------------------------------
     0 | D:1      | ZARRMARR the Palentonga Fighter began the quest for the
                  | Orb.
     0 | D:1      | Reached XP level 1. HP: 19/19 MP: 1/1
   298 | D:1      | Found a faded altar of an unknown god.
   449 | D:1      | Reached XP level 2. HP: 25/25 MP: 2/2
  1002 | D:2      | Reached XP level 3. HP: 11/31 MP: 3/3
  1620 | D:2      | Reached XP level 4. HP: 28/39 MP: 4/4
  1950 | D:3      | Found a broken altar of Ashenzari.
  2201 | D:3      | Noticed Terence
  2211 | D:3      | Killed Terence
  2212 | D:3      | Reached XP level 5. HP: 30/44 MP: 5/5
  2774 | D:4      | Reached skill level 4 in Fighting
  2920 | D:4      | Identified the +10 hand axe of the Lesser Evil {holy,
                  | Dex+4}
  2995 | D:4      | Noticed a phantom
  3000 | D:4      | Killed a phantom
  3000 | D:4      | Noticed Edmund
  3001 | D:4      | Reached XP level 6. HP: 47/52 MP: 6/6
  3010 | D:4      | Killed Edmund
  3150 | D:4      | Reached skill level 1 in Axes
  3458 | D:4      | Reached skill level 5 in Fighting
  3466 | D:4      | Gained mutation: You curl defensively after being hit.
                  | [Palentonga growth]
  3466 | D:4      | Reached XP level 7. HP: 47/59 MP: 7/7
  4039 | D:5      | Entered Level 5 of the Dungeon
  4822 | D:6      | Noticed a boulder beetle
  4829 | D:6      | Demolished by a boulder beetle

Illustrated notes

Levels and vault maps discovered:
D:1:      psy_arrival_dodecagon, layout_loops_ring,
          shapermc_ecumenical_altar_notcrosses
D:2:      layout_rooms
D:3:      layout_loops_cross, mainiacjoe_overflow_tiny_flanked,
          kennysheep_generic_room_7, uniq_terence
D:4:      layout_loops_corners, dk_noncrumbling_4, uniq_edmund
D:5:      layout_loops_cross
D:6:      layout_basic, uniq_pikel

Skill      XL: |  1  2  3  4  5  6  7 |
---------------+----------------------+-----
Maces & Flails | 3 4 |  4.2
Shields        | 3 4 |  4.9
Fighting       | 4 5 |  5.6
Axes           | 1 3 |  3.3
Armour         | |  2.4

Action                   |  1- 3 |  4- 6 |  7- 9 || total
-------------------------+-------+-------+-------++-------
Melee: Flail             |    87 |    50 |       ||   137
       Tailslap          |     6 |     8 |     9 ||    23
       Hand axe          |       |    33 |    36 ||    69
Throw: Boomerang         |    18 |    15 |     6 ||    39
 Abil: Rolling Charge    |    11 |    23 |     8 ||    42
  Use: Scroll            |     1 |       |       ||     1
       Potion            |       |       |     1 ||     1
Armor: Scale mail        |    50 |    20 |     9 ||    79
Dodge: Dodged            |    26 |    10 |     5 ||    41
Block: Kite shield       |    45 |    38 |     9 ||    92
